 Dungeon Crawl Stone Soup version 0.21.1-1-g345015f (console) character file.

21464 fly the Spry (level 12, -2/141 HPs)
             Began as an Ogre Berserker on May 12, 2018.
             Was an Elder of Trog.
             Killed from afar by a catoblepas (5 damage)
             ... with a blast of calcifying dust
             ... on level 1 of the Lair of Beasts.
             The game lasted 00:37:07 (17437 turns).

fly the Spry (Ogre Berserker)                      Turns: 17437, Time: 00:37:08

Health: -2/141     AC:  5    Str: 24    XL:     12   Next: 90%
Magic:  12/12      EV: 21    Int:  8    God:    Trog [****..]
Gold:   664        SH:  0    Dex: 12    Spells: 11/11 levels left

rFire    . . .     SeeInvis +   a - +3 halberd (curse)
rCold    . . .     Gourm    .   (shield currently unavailable)
rNeg     . . .     Faith    .   y - +0 animal skin
rPois    .         Spirit   .   e - +2 hat
rElec    .         Reflect  .   q - scarf {repulsion}
rCorr    .         Harm     .   (gloves unavailable)
MR       +++..                  (boots unavailable)
Stlth    +.........             (no amulet)
HPRegen  1.33/turn              j - ring of see invisible
MPRegen  0.13/turn              H - +3 ring of evasion

@: lethally poisoned (-2 -> -2), berserk cooldown, starving, regenerating,
slowed, repel missiles, very slow
A: large, unfitting armour, tough skin 1
a: Berserk, Trog's Hand, Brothers in Arms, Burn Spellbooks, Renounce Religion


You were on level 1 of the Lair of Beasts.
You worshipped Trog.
Trog was greatly pleased with you.
You were starving.

You visited 3 branches of the dungeon, and saw 14 of its levels.

You collected 709 gold pieces.
You spent 45 gold pieces at shops.

Inventory:

Hand Weapons
 a - a cursed +3 halberd (weapon)
 b - a +2 rapier of venom
 c - a +1 scimitar of flaming
 w - a +0 blowgun
Missiles
 B - 13 large rocks (quivered)
 R - 5 curare-tipped needles
Armour
 e - a +2 hat (worn)
 q - a scarf of repulsion (worn)
 y - a +0 animal skin (worn)
Jewellery
 j - a ring of see invisible (left hand)
 F - an uncursed ring of stealth
 H - a +3 ring of evasion (right hand)
Wands
 h - a wand of flame (64)
 i - a wand of random effects (72)
 C - a wand of enslavement (5)
 D - a wand of scattershot (6)
 J - a wand of iceblast (7)
 K - a wand of digging (23)
 O - a wand of acid (6)
Scrolls
 f - 8 scrolls of teleportation
 l - 4 scrolls of enchant weapon
 n - 3 scrolls of fog
 p - a scroll of remove curse
 u - 3 scrolls of enchant armour {unknown}
 v - 5 scrolls of amnesia {unknown}
 x - 3 scrolls of immolation {unknown}
 I - a scroll of silence {unknown}
 L - a scroll of vulnerability {unknown}
 M - a scroll of acquirement {unknown}
 N - 3 scrolls of fear {unknown}
Potions
 d - 2 potions of might
 g - 4 potions of agility
 m - 5 potions of curing
 o - a potion of magic
 s - a potion of heal wounds
 t - a potion of lignification {unknown}
 z - a potion of haste {unknown}
 A - a potion of brilliance
 G - a potion of flight
 S - a potion of ambrosia {unknown}
Books
 k - a book of Air

   Spells                             Type                      Level
   a - Shock                          Conjuration/Air              1
   b - Swiftness                      Charms/Air                   2
   c - Static Discharge               Conjuration/Air              3
   d - Airstrike                      Air                          4
   e - Lightning Bolt                 Conjuration/Air              5
   Trog disapproves of the use of such an item.
 r - a book of Cantrips

   Spells                             Type                      Level
   a - Confusing Touch                Hexes                        1
   b - Animate Skeleton               Necromancy                   1
   c - Summon Small Mammal            Summoning                    1
   d - Apportation                    Translocation                1
   Trog disapproves of the use of such an item.
 Q - a book of Frost

   Spells                             Type                      Level
   a - Freeze                         Ice                          1
   b - Throw Frost                    Conjuration/Ice              2
   c - Ozocubu's Armour               Charms/Ice                   3
   d - Throw Icicle                   Conjuration/Ice              4
   e - Summon Ice Beast               Ice/Summoning                4
   Trog disapproves of the use of such an item.
Comestibles
 E - 23 rations


   Skills:
 - Level 15.0 Fighting
 + Level 6.0 Polearms
 - Level 15.0 Dodging


You had 11 spell levels left.
You didn't know any spells.

Dungeon Overview and Level Annotations

Branches:
Dungeon (12/15)            Temple (1/1) D:4            Lair (1/6) D:10
    Orc (0/2) D:12

Altars:
Ashenzari
Cheibriados
Dithmenos
Elyvilon
Fedhas
Gozag
Hepliaklqana
Kikubaaqudgha
Makhleb
Nemelex Xobeh
Okawaru
Qazlal
Ru
Sif Muna
Trog
Uskayaw
Vehumet
Wu Jian
Xom
Yredelemnul
Zin
The Shining One

Shops:
D:6 *(   D:7 %   D:10 (


Innate Abilities, Weirdness & Mutations

You are too large for most types of armour.
You have tough skin. (AC +1)


Message History

The catoblepas gores your ogre!
Your ogre is engulfed in calcifying dust.
Your ogre stops moving altogether!
Your skin crawls.
You feel resistant to hostile enchantments.
You are starving!
You feel sick. The catoblepas gores your ogre! The catoblepas gores your ogre.
Unknown command.
You feel sick.
The catoblepas breathes a plume of calcifying dust at you.
The blast of calcifying dust hits the plant.
The blast of calcifying dust hits you!
* * * LOW HITPOINT WARNING * * *
You feel sick.
The plant is engulfed in calcifying dust.
The catoblepas gores your ogre!
The catoblepas breathes a plume of calcifying dust at you.
The blast of calcifying dust hits the plant.
The blast of calcifying dust hits you!
You die...

######## ###......###
####..........######
##.♣♣........♣...##.########
##..............P............
#...........P.PP.####...#####
#.................# #..P#
##...PP....PP.§....# #..##
#.....P......@§...♣♣##..#
##.......#####§§...P.##..#
#......P.#?..#§§......#..##
#...P....#.$.'OP..........#
#...P....#)..#.Y......#..##
#........#####......♣....#
#............P...........# ####
#.#P.........P...........###.#.
##.#.PP......P......♣...........


There were no monsters in sight!

Vanquished Creatures
  Gastronok (D:9)
  Erica (D:9)
  3 two-headed ogres
  Sonja (D:12)
  An unseen horror (D:10)
  A wolf spider zombie (D:12)
  An oklob plant (D:7)
  2 cyclopes (D:12)
  2 centaur zombies (D:12)
  2 black mambas (Lair:1)
  2 gargoyles (D:11)
  2 hornets (D:11)
  2 trolls
  Prince Ribbit (D:5)
  2 blink frogs (Lair:1)
  5 hippogriffs
  2 wraiths
  A spriggan (Lair:1)
  2 wyverns (D:11)
  A steam dragon (D:12)
  7 yaks
  A hungry ghost (D:10)
  4 vampire mosquitoes (D:12)
  3 water moccasins (Lair:1)
  2 hell hounds (D:10)
  2 porcupines (Lair:1)
  Duvessa (D:4)
  An eye of draining (D:11)
  3 orc warriors
  4 phantoms
  3 sky beasts
  An ice beast (D:9)
  A hornet zombie (D:11)
  7 ogres
  11 centaurs
  2 crocodiles (Lair:1)
  A big kobold (D:8)
  8 bullfrogs
  A gnoll sergeant (D:9)
  A wyvern zombie (D:8)
  Dowan (D:4)
  4 scorpions
  10 wights
  2 electric eels (D:8)
  4 howler monkeys
  2 crimson imps
  A quasit (D:12)
  5 hounds
  2 centaur skeletons
  11 jellies
  A gnoll shaman (D:8)
  10 orc priests
  Crazy Yiuf (D:7)
  Terence (D:3)
  3 bullfrog skeletons
  2 iguanas
  6 orc wizards
  5 worker ants
  Natasha (D:3)
  3 hound skeletons
  A worker ant zombie (D:8)
  2 howler monkey skeletons
  9 gnolls
  10 adders
  2 shadow imps
  13 oozes
  2 adder zombies (D:9)
  A worm (D:2)
  2 dart slugs
  7 leopard geckos
  36 orcs
  5 giant cockroaches
  7 goblins
  9 hobgoblins
  9 jackals
  15 kobolds
  3 quokkas
  2 ball pythons
  6 bats
  2 frilled lizards
  A giant cockroach zombie (D:2)
  A leopard gecko skeleton (D:5)
  A leopard gecko zombie (D:6)
  A quokka skeleton (D:4)
  4 rats
  A fungus (D:7)
326 creatures vanquished.

Vanquished Creatures (collateral kills)
  A manticore (D:12)
  3 blink frogs (Lair:1)
  An orc warrior (D:12)
  A centaur (D:11)
6 creatures vanquished.

Vanquished Creatures (others)
  A yak (D:11)
  2 centaurs (D:11)
  A quokka (D:8)
  5 fungi (D:7)
9 creatures vanquished.

Grand Total: 341 creatures vanquished

Notes
Turn   | Place    | Note
-------+----------+-------------------------------------------
     0 | D:1      | fly the Ogre Berserker began the quest for the Orb.
     0 | D:1      | Reached XP level 1. HP: 24/24 MP: 1/1
   315 | D:1      | Reached XP level 2. HP: 26/32 MP: 2/2
   635 | D:1      | Reached XP level 3. HP: 30/39 MP: 3/3
   973 | D:2      | Reached ** piety under Trog
  1001 | D:2      | Found a bloodstained altar of Trog.
  1055 | D:2      | Reached XP level 4. HP: 39/48 MP: 4/4
  1277 | D:2      | Found a basalt altar of Yredelemnul.
  1339 | D:3      | Noticed Terence
  1386 | D:3      | Found a shimmering altar of Xom.
  1402 | D:3      | Killed Terence
  1413 | D:3      | Reached XP level 5. HP: 26/54 MP: 5/5
  1972 | D:3      | Found a burning altar of Makhleb.
  1991 | D:3      | Found a shimmering altar of Xom.
  2162 | D:3      | Noticed Natasha
  2167 | D:3      | Killed Natasha
  2167 | D:3      | Reached skill level 5 in Dodging
  2167 | D:3      | Reached XP level 6. HP: 53/62 MP: 6/6
  2490 | D:4      | Noticed a phantom
  2502 | D:4      | Killed a phantom
  3163 | D:4      | Reached skill level 5 in Polearms
  3163 | D:4      | Reached XP level 7. HP: 70/70 MP: 7/7
  3463 | D:4      | Found a blossoming altar of Fedhas.
  3482 | D:4      | Noticed Dowan
  3601 | D:4      | Noticed Duvessa
  3614 | D:4      | Killed Duvessa
  3614 | D:4      | Reached skill level 5 in Fighting
  3625 | D:4      | Killed Dowan
  4050 | D:4      | Reached XP level 8. HP: 69/84 MP: 8/8
  4057 | D:4      | Found a staircase to the Ecumenical Temple.
  4100 | Temple   | Entered the Ecumenical Temple
  4203 | D:4      | Found a radiant altar of Vehumet.
  4326 | D:4      | Found a glowing silver altar of Zin.
  4519 | D:5      | Entered Level 5 of the Dungeon
  4527 | D:5      | Found a glowing golden altar of the Shining One.
  4550 | D:5      | Noticed Prince Ribbit
  4612 | D:5      | Killed Prince Ribbit
  5051 | D:5      | Reached *** piety under Trog
  5170 | D:5      | Reached skill level 10 in Fighting
  5257 | D:5      | Found an iron altar of Okawaru.
  5438 | D:6      | Reached XP level 9. HP: 80/102 MP: 9/9
  5449 | D:6      | Found Xiboferiow's Weapon Boutique.
  5707 | D:6      | Found Orreroin's General Store.
  5716 | D:6      | Bought a scroll of remove curse for 45 gold pieces
  5860 | D:6      | Found a shadowy altar of Dithmenos.
  6139 | D:7      | Found Affalik's Food Shop.
  6335 | D:7      | Noticed an oklob plant
  6381 | D:7      | Reached **** piety under Trog
  6666 | D:7      | Killed an oklob plant
  6952 | D:7      | Found a runed door.
  7144 | D:7      | Noticed Crazy Yiuf
  7149 | D:7      | Killed Crazy Yiuf
  7563 | D:8      | Found a white marble altar of Elyvilon.
  7674 | D:8      | HP: 5/106 [orc wizard/magic dart (8)]
  8216 | D:8      | Noticed a two-headed ogre
  8343 | D:8      | Killed a two-headed ogre
  8343 | D:8      | Reached XP level 10. HP: 115/115 MP: 10/10
  9123 | D:8      | Reached skill level 10 in Dodging
  9644 | D:9      | Noticed Gastronok
  9661 | D:8      | Reached ***** piety under Trog
 10099 | D:9      | Killed Gastronok
 10406 | D:9      | Received a gift from Trog
 10621 | D:9      | Noticed Erica
 10636 | D:9      | Killed Erica
 10636 | D:9      | Reached XP level 11. HP: 88/123 MP: 11/11
 11489 | D:10     | Entered Level 10 of the Dungeon
 11489 | D:10     | Noticed an unseen horror
 11509 | D:10     | Killed an unseen horror
 11625 | D:10     | Noticed a two-headed ogre
 11746 | D:10     | Killed a two-headed ogre
 12068 | D:10     | Noticed a two-headed ogre
 12088 | D:10     | Killed a two-headed ogre
 12371 | D:10     | Found Wuamay's Weapon Emporium.
 12392 | D:10     | Found a staircase to the Lair.
 12642 | D:11     | Paralysed by a hornet for 3 turns
 13658 | D:11     | Paralysed by a hornet for 3 turns
 14101 | D:11     | Reached XP level 12. HP: 71/132 MP: 12/12
 14193 | D:11     | Received a gift from Trog
 15404 | D:12     | Reached skill level 15 in Dodging
 15638 | D:12     | Noticed Sonja
 15647 | D:12     | Killed Sonja
 15968 | D:12     | Found a staircase to the Orcish Mines.
 16643 | Lair:1   | Entered Level 1 of the Lair of Beasts
 17412 | Lair:1   | Noticed a catoblepas
 17424 | Lair:1   | Reached skill level 15 in Fighting
 17433 | Lair:1   | HP: 6/141 [catoblepas (17)]
 17436 | Lair:1   | HP: 2/141 [something/blast of calcifying dust (5)]
 17437 | Lair:1   | Killed from afar by a catoblepas

Skill      XL: |  1  2  3  4  5  6  7  8  9 10 11 12 |
---------------+-------------------------------------+-----
Dodging        | 3 4 5 6 9 12 14 15 | 15.0
Polearms       | 4 5 6 |  6.0
Fighting       | 6 10 12 15 | 15.0

Action                   |  1- 3 |  4- 6 |  7- 9 | 10-12 || total
-------------------------+-------+-------+-------+-------++-------
Melee: Spear             |   103 |   206 |   257 |     6 ||   572
       Dagger            |       |     2 |    11 |       ||    13
       Rapier            |       |       |   121 |   185 ||   306
       Trident           |       |       |       |   441 ||   441
       Halberd           |       |       |       |   102 ||   102
Invok: Berserk           |     2 |     6 |     6 |    28 ||    42
       Trog's Hand       |       |     1 |     3 |     3 ||     7
       Brothers in Arms  |       |       |       |     3 ||     3
Evoke: Wand              |       |       |    17 |    18 ||    35
  Use: Scroll            |       |       |     9 |     7 ||    16
       Potion            |       |       |       |     2 ||     2
 Stab: Sleeping          |       |     1 |     2 |     1 ||     4
  Eat: Chunk             |     1 |    10 |    23 |    44 ||    78
       Ration            |       |     1 |       |     4 ||     5
Armor: Animal skin       |    31 |    40 |    49 |   100 ||   220
Dodge: Dodged            |    55 |    96 |   231 |   766 ||  1148
